 Dungeon Crawl Stone Soup version 0.31-a0-75-g6fe912e8c5 (webtiles) character file.

Game seed: 12327497299584986202

12094 greasedhog the Markstengu (level 11, -4/63 HPs)
             Began as a Tengu Hunter on May 23, 2023.
             Was a Believer of Hepliaklqana.
             Slain by an orc knight
             ... wielding a +0 war axe
              (31 damage)
             ... on level 9 of the Dungeon.
             The game lasted 00:23:33 (9778 turns).

greasedhog the Markstengu (Tengu Hunter)            Turns: 9778, Time: 00:23:35

Health: -4/63      AC: 11    Str: 11    XL:     11   Next: 88%
Magic:  12/12      EV: 21    Int: 10    God:    Hepliaklqana [**....]
Gold:   641        SH:  0    Dex: 28    Spells: 10/10 levels left

rFire   . . .        b - +1 rapier (venom)
rCold   . . .        (no shield)
rNeg    . . .        l - +0 steam dragon scales
rPois   .            D - +1 hat
rElec   .            (no cloak)
rCorr   .            (no gloves)
SInv    .            (boots unavailable)
Will    .....        k - amulet of regeneration
Stlth   ++           e - +4 ring of protection
HPRegen 1.10/turn    t - +6 ring of dexterity
MPRegen 0.13/turn

%: no passive effects
@: flying quickly and evasively, quick
A: reduced essence, beak, talons 3, nimble flight
a: Renounce Religion, Recall Ancestor, Ancestor Identity


You were on level 9 of the Dungeon.
You worshipped Hepliaklqana.
Hepliaklqana was pleased with you.
You visited 3 branches of the dungeon, and saw 13 of its levels.

You collected 821 gold pieces.
You spent 180 gold pieces at shops.

Inventory:

Hand Weapons
 a - a +0 orcbow
 b - a +1 rapier of venom (weapon)
Armour
 l - +0 steam dragon scales (worn)
 D - a +1 hat (worn)
Jewellery
 e - a +4 ring of protection (left hand)
 k - an amulet of regeneration (around neck)
 t - a +6 ring of dexterity (right hand)
Wands
 c - a wand of digging (6)
 r - a wand of iceblast (6)
 w - a wand of flame (12)
 z - a wand of polymorph (7)
 B - a wand of paralysis (2)
Scrolls
 d - a scroll of enchant weapon
 f - 6 scrolls of enchant armour
 g - 4 scrolls of magic mapping
 m - a scroll of amnesia {unknown}
 n - a scroll of summoning {unknown}
 o - 3 scrolls of poison
 q - 3 scrolls of teleportation
 s - a scroll of fog {unknown}
 y - a scroll of noise {unknown}
 E - a scroll of fear {unknown}
Potions
 h - a potion of cancellation
 i - 4 potions of curing
 j - 2 potions of might
 p - a potion of ambrosia {unknown}
 u - a potion of haste
 v - a potion of mutation {unknown}
 A - a potion of attraction {unknown}
 C - a potion of lignification {unknown}
 F - a potion of brilliance {unknown}


   Skills:
 * Level 9.0 Fighting
 - Level 16.0 Ranged Weapons
 + Level 6.4 Armour
 - Level 6.3 Dodging
 - Level 1.0 Stealth


You had 10 spell levels left.
You didn't know any spells.
Your spell library contained the following spells:

 Spells                   Type           Power      Damage    Failure   Level
 Apportation              Tloc           0%         N/A       36%         1
 Cigotuvi's Dreadful Rot  Necr/Pois/Air  0%         N/A       50%         2
 Ignite Poison            Fire/Tmut/Pois 0%         N/A       75%         3
 Alistair's Intoxication  Tmut/Pois      0%         N/A       100%        5
 Freezing Cloud           Conj/Ice/Air   0%         6-21      100%        5
 Summon Forest            Summ/Tloc      0%         N/A       100%        5
 Eringya's Noxious Bog    Tmut/Pois      0%         N/A       100%        6
 Summon Hydra             Summ           0%         N/A       100%        7


Dungeon Overview and Level Annotations

Branches:
Dungeon (11/15)            Temple (1/1) D:7             Orc (1/2) D:9
   Lair: D:8-11

Altars:
Dithmenos
Elyvilon
Fedhas
Hepliaklqana
Makhleb
Qazlal
Sif Muna
Uskayaw
Vehumet
Wu Jian
Xom
Zin

Shops:
D:1 =   D:3 *   D:5 !   D:8 (   D:9 !   D:10 [


Innate Abilities, Weirdness & Mutations

Your life essence is reduced to manifest your ancestor. (-10% HP)
You have a beak for a mouth.
You have claws for feet.
Your magical nature lets you fly swiftly and evasively.


Message History

You shoot an arrow. The arrow hits the orc knight!!
The orc knight is moderately wounded.
The orc knight roars a battlecry!
The orc knights go into a battle-frenzy!
Unknown command.
You shoot an arrow. The arrow hits the orc knight!!
The orc knight is heavily wounded.
Centenhua misses the orc knight.
The orc knight roars a battlecry!
The orc knight goes into a battle-frenzy!
You hear a shout!
Unknown command.
You shoot an arrow. The arrow hits the orc knight!
The orc knight is severely wounded.
The orc knight shoots an arrow.
The arrow hits you.
Unknown command.
You shoot an arrow. The arrow hits the orc knight!
The orc knight is almost dead.
The orc knight hits Centenhua but does no damage.
Unknown command.
You fly upwards.
Welcome back to the Dungeon!
There is a staircase to the Orcish Mines here.
Your +1 rapier of venom begins to drip with poison!
b - a +1 rapier of venom (weapon)
You hit the orc knight but do no damage.
The orc knight is poisoned.
The orc knight is almost dead.
The orc knight hits you with a +0 war axe!!!
Ouch! That really hurt!
The orc knight completely misses you.
You closely miss the orc knight. You peck the orc knight.
The orc knight is almost dead.
The orc knight misses you.
You hit the orc knight but do no damage.
The orc knight looks as sick as possible!
Your kick misses the orc knight.
You peck the orc knight, but do no damage.
The orc knight is almost dead.
The orc knight hits you with a +0 war axe!!
You die...

.................................
##..##..##.####...######.........
##.###..##.#....8....#...........
........##.#.........##..........
##.###..##.#...).....#....)......
##.# #..##.#...).....#.....#.)...
.#.# #..##.....[.................
.#.# #..##.....[..............###
.#.###..##'.8..o@...8...#.....#
........#......[)........>....#
##.####.#.....................#
........'..#.........#........#
........#..#.........##.#.#...###
##..###.####.........##..........
##..###.# #....8....#.......##.#
.....[..# ####...####..........#
##..###)# #...#........#..####


You could see an orc knight (strong, extremely poisoned).

Vanquished Creatures
  2 two-headed ogres (D:9)
  2 orc knights
  An orc sorcerer (Orc:1)
  A gargoyle (D:10)
  Psyche (D:9)
  3 trolls
  A hornet (D:8)
  A shadow (D:9)
  Sigmund (D:5)
  A wyvern (D:8)
  A wraith (D:10)
  5 steam dragons
  2 vampire mosquitoes (D:10)
  Grum (D:9)
  A two-headed ogre zombie (D:9)
  11 orc warriors
  2 water moccasins
  2 ice beasts (D:6)
  2 sky beasts
  2 black bears (D:8)
  2 wolves (D:9)
  A centaur (D:9)
  2 ogres
  A phantom (D:9)
  2 kobold brigands (D:8)
  3 bullfrogs
  A gnoll sergeant (D:6)
  3 scorpions
  16 wights
  A troll zombie (D:9)
  6 killer bees (D:8)
  4 howler monkeys
  3 hounds
  3 jellies
  15 orc priests
  A sleepcap (D:5)
  Natasha (twice) (D:4)
  An iguana (D:5)
  17 orc wizards
  5 ogre zombies (D:9)
  Robin (D:3)
  14 gnolls
  6 adders
  2 shadow imps
  3 white imps
  2 worms
  3 dart slugs
  57 orcs
  10 ball pythons
  5 endoplasms
  4 giant cockroaches
  15 goblins
  6 hobgoblins
  4 jackals
  4 quokkas
  6 bats
  3 frilled lizards (D:3)
  2 goblin skeletons (D:9)
  A goblin zombie (D:9)
  3 hobgoblin zombies (D:9)
  10 kobolds
  6 orc skeletons (D:9)
  10 orc zombies (D:9)
  8 rats
317 creatures vanquished.

Vanquished Creatures (collateral kills)
  A shadow (D:9)
  3 orc warriors (Orc:1)
  2 ogres (Orc:1)
  A wight (D:9)
  2 orc wizards (Orc:1)
  An ogre zombie (D:9)
  2 orcs (Orc:1)
  A goblin skeleton (D:9)
  2 goblin zombies (D:9)
15 creatures vanquished.

Vanquished Creatures (others)
  2 ancestors
  A knight (Orc:1)
3 creatures vanquished.

Grand Total: 335 creatures vanquished

Notes
Turn   | Place    | Note
-------+----------+-------------------------------------------
     0 | D:1      | greasedhog the Tengu Hunter began the quest for the Orb.
     0 | D:1      | Reached XP level 1. HP: 12/12 MP: 2/2
   305 | D:1      | Found Teloi's Jewellery Boutique.
   363 | D:1      | Reached XP level 2. HP: 13/17 MP: 3/3
   992 | D:1      | Reached skill level 5 in Ranged Weapons
  1062 | D:1      | Reached XP level 3. HP: 10/22 MP: 4/4
  1479 | D:2      | Reached XP level 4. HP: 20/27 MP: 5/5
  1886 | D:3      | Noticed Robin
  1911 | D:3      | Killed Robin
  2102 | D:3      | Reached skill level 6 in Ranged Weapons
  2197 | D:3      | Gained mutation: Your magical nature lets you fly swiftly
                  | and evasively. [Tengu growth]
  2197 | D:3      | Reached XP level 5. HP: 32/32 MP: 6/6
  2212 | D:3      | Found Ewkommu's Assorted Antiques.
  2641 | D:4      | Reached XP level 6. HP: 38/38 MP: 7/7
  2750 | D:4      | Reached skill level 7 in Ranged Weapons
  2907 | D:4      | Noticed Natasha
  3098 | D:4      | Killed Natasha
  3200 | D:4      | Noticed Natasha
  3206 | D:4      | Killed Natasha
  3207 | D:4      | Reached XP level 7. HP: 44/44 MP: 8/8
  3301 | D:5      | Entered Level 5 of the Dungeon
  3301 | D:5      | Noticed Sigmund
  3309 | D:5      | Killed Sigmund
  3310 | D:5      | Reached skill level 8 in Ranged Weapons
  3327 | D:5      | Reached skill level 5 in Fighting
  3454 | D:5      | Found Var Noz's Distillery.
  3463 | D:5      | Bought a potion of degeneration for 15 gold pieces
  3686 | D:5      | Reached skill level 1 in Armour
  3984 | D:5      | Reached skill level 9 in Ranged Weapons
  4000 | D:6      | Reached XP level 8. HP: 30/49 MP: 9/9
  4396 | D:5      | Reached skill level 10 in Ranged Weapons
  4552 | D:6      | Reached XP level 9. HP: 44/54 MP: 10/10
  4628 | D:6      | Reached skill level 11 in Ranged Weapons
  4979 | D:7      | Reached skill level 5 in Armour
  5327 | D:7      | Reached skill level 12 in Ranged Weapons
  5895 | D:7      | Found a staircase to the Ecumenical Temple.
  5904 | Temple   | Entered the Ecumenical Temple
  5908 | Temple   | Became a worshipper of Hepliaklqana the Forgotten
  5961 | D:8      | Found Juar's Weapon Emporium.
  5996 | D:8      | Noticed a hornet
  6324 | D:8      | Reached skill level 5 in Dodging
  6324 | D:8      | Reached XP level 10. HP: 59/59 MP: 11/11
  6350 | D:8      | Reached skill level 13 in Ranged Weapons
  7445 | D:9      | Reached skill level 14 in Ranged Weapons
  7633 | D:9      | Noticed Grum
  7635 | D:9      | Noticed a two-headed ogre
  7686 | D:9      | Killed a two-headed ogre
  7837 | D:9      | Reached * piety under Hepliaklqana
  7913 | D:9      | Found a staircase to the Orcish Mines.
  7974 | D:9      | Killed Grum
  7975 | D:9      | Reached XP level 11. HP: 48/57 MP: 10/12
  8020 | D:9      | Reached skill level 15 in Ranged Weapons
  8084 | D:9      | Found Hiropp's Distillery.
  8338 | D:9      | Noticed a two-headed ogre
  8344 | D:9      | Noticed Psyche
  8347 | D:9      | Killed a two-headed ogre
  8367 | D:9      | Paralysed by something for 2 turns
  8370 | D:9      | Killed Psyche
  8682 | D:10     | Entered Level 10 of the Dungeon
  8889 | D:10     | Reached ** piety under Hepliaklqana
  8890 | D:10     | Remembered your ancestor Centenhua as a knight
  9060 | D:10     | Found Etoyni's Armour Shoppe.
  9068 | D:10     | Bought a +1 hat for 165 gold pieces
  9247 | D:10     | Found a hide-covered altar of Uskayaw.
  9247 | D:10     | Found an ornate altar of the Wu Jian Council.
  9248 | D:10     | Found a burning altar of Makhleb.
  9282 | D:10     | Reached skill level 16 in Ranged Weapons
  9374 | Orc:1    | Entered Level 1 of the Orcish Mines
  9443 | Orc:1    | Noticed an orc sorcerer
  9454 | Orc:1    | Killed an orc sorcerer
  9561 | Orc:1    | Noticed an orc knight
  9600 | Orc:1    | Noticed an orc knight
  9612 | Orc:1    | Killed an orc knight
  9612 | Orc:1    | Noticed an orc knight
  9613 | Orc:1    | Noticed an orc knight
  9616 | D:9      | Killed an orc knight
  9768 | Orc:1    | Noticed an orc knight
  9778 | D:9      | Slain by an orc knight

Illustrated notes

Levels and vault maps discovered:
D:1:      elethiomel_arrival_infinity_welcomes_careful_drivers,
          layout_loops_cross, serial_shops, nicolae_diamond_shop, minivault_5
D:2:      layout_basic
D:3:      layout_basic, serial_shops, shop, uniq_robin
D:4:      layout_basic, uniq_natasha
D:5:      layout_loops_ring, serial_shops, nicolae_shop_industrial_runoff,
          minmay_misc_feat_x, dk_noncrumbling_4, uniq_sigmund
D:6:      layout_rooms
D:7:      cheibrodos_steamvent, layout_basic, minmay_temple_entry_poolview
D:8:      layout_loops_ring, serial_shops,
          nicolae_shop_temple_entry_statues_fountains, grunt_ministairs_9,
          minmay_between
D:9:      layout_basic, zombieorc2_lemuel, serial_shops, nicolae_shop_stone,
          interstate_on_off, uniq_grum, uniq_psyche
D:10:     layout_long_grid, chequers_temple_overflow_statue_of_worship,
          serial_shops, shop
D:11:     minmay_s_stair_smasher, layout_basic, enter_trove_5,
          gauntlet_entry_generic, gammafunk_ghost_nasty_kobolds, uniq_erolcha
Temple:   nicolae_temple_bog_church
Orc:1:    layout_caves, serial_shops, nicolae_shop_hallway_stairs, basic_altar,
          special_room [special_room_orc]

Skill      XL: |  1  2  3  4  5  6  7  8  9 10 11 |
---------------+----------------------------------+-----
Ranged Weapons | 5 6 7 9 10 12 14 16 | 16.0
Fighting       | 3 4 5 6 9 |  9.0
Armour         | 2 4 5 6 |  6.4
Dodging        | 5 6 |  6.3
Stealth        | |  1.0

Action                     |  1- 3 |  4- 6 |  7- 9 | 10-12 || total
---------------------------+-------+-------+-------+-------++-------
  Melee: Dagger            |    11 |    34 |    48 |     6 ||    99
         Kick              |     2 |    11 |    16 |    24 ||    53
         Punch             |     1 |       |       |       ||     1
         Peck              |       |     7 |    12 |    20 ||    39
         Rapier            |       |       |       |    54 ||    54
   Fire: Shortbow          |   112 |   129 |   212 |       ||   453
         Orcbow            |       |       |   117 |   502 ||   619
 Invoke: Recall Ancestor   |       |       |       |     3 ||     3
         Ancestor Life: Kn |       |       |       |     1 ||     1
  Evoke: Wand              |       |       |     1 |    11 ||    12
    Use: Potion            |     1 |       |       |     1 ||     2
         Scroll            |     3 |       |     9 |     1 ||    13
   Stab: Invisible         |       |       |       |     3 ||     3
 Armour: Leather armour    |    26 |     5 |       |       ||    31
         Ring mail         |       |    24 |    39 |       ||    63
         Steam dragon scal |       |       |    26 |    21 ||    47
  Dodge: Dodged            |    57 |    42 |   116 |   131 ||   346

Table legend: (Time is in decaauts)
 A = Elapsed time spent in this place.
 B = Non-inter-level travel time spent in this place.
 C = Inter-level travel time spent in this place.
 D = Time resting spent in this place.
 E = Time spent auto-exploring this place.
 F = Levels seen in this place.
 G = Mean time per level.
                   A        B        C        D        E       F      G
               +--------+--------+--------+--------+--------+-----+--------+
         Total |   9221 |   8763 |    458 |   1628 |   4841 |  13 |  709.3 |
       Dungeon |   9016 |   8558 |    458 |   1622 |   4800 |  11 |  819.6 |
        Temple |      8 |      8 |      0 |      0 |      0 |   1 |    8.0 |
  Orcish Mines |    197 |    197 |      0 |      5 |     40 |   1 |  197.0 |
               +--------+--------+--------+--------+--------+-----+--------+

Top non-repeatable levels by time:
     D:9: 1334 daAuts
     D:8: 1260 daAuts
     D:1: 1097 daAuts
     D:7: 939 daAuts
     D:6: 803 daAuts
     D:2: 796 daAuts
     D:5: 795 daAuts
     D:4: 765 daAuts
     D:3: 619 daAuts
    D:10: 602 daAuts
   Orc:1: 197 daAuts
  Temple: 8 daAuts
    D:11: 1 daAuts
